 Dungeon Crawl Stone Soup version 0.28-a0-1594-ga885d4b3d6 (webtiles) character file.

Game seed: 9928285503775297646

63 issech the Ducker (level 3, -1/36 HPs)
             Began as a Troll Fighter on Jan 20, 2022.
             Killed from afar by Sigmund (5 damage)
             ... with a puff of flame
             ... on level 2 of the Dungeon.
             The game lasted 00:04:49 (1197 turns).

issech the Ducker (Troll Fighter)                   Turns: 1197, Time: 00:04:49

Health: -1/36      AC:  4    Str: 24    XL:     3   Next: 89%
Magic:  2/2        EV:  9    Int:  4    God:
Gold:   49         SH:  0    Dex: 11    Spells: 2/2 levels left

rFire   . . .      SeeInvis .   m - +0 whip
rCold   . . .      Faith    .   c - +0 kite shield
rNeg    . . .      Spirit   .   b - +0 robe
rPois   .          Reflect  .   (helmet restricted)
rElec   .          Harm     .   (no cloak)
rCorr   .          Rampage  .   (gloves unavailable)
Will    .....                   (boots unavailable)
Stlth   +.........              (no amulet)
HPRegen 0.92/turn               (no ring)
MPRegen 0.08/turn               (no ring)

@: confused
A: large, unfitting armour, claws 3, regeneration 1, shaggy fur 1, tough skin 1
a: no special abilities


You were on level 2 of the Dungeon.
You visited 1 branch of the dungeon, and saw 2 of its levels.

You collected 49 gold pieces.

Inventory:

Hand Weapons
 a - a +0 flail
 m - a +0 whip (weapon)
Missiles
 g - 22 bolts
 h - 9 poisoned darts (quivered)
 i - 26 sling bullets
 j - 12 arrows
 l - 75 stones
 o - 6 curare-tipped darts
Armour
 b - a +0 robe (worn)
 c - a +0 kite shield (worn)
Scrolls
 f - a scroll of identify
 n - a scroll of blinking
Potions
 d - a potion of might
 e - a potion of curing
 k - a potion of resistance
 p - 2 potions of degeneration {unknown}


   Skills:
 + Level 2.8 Fighting
 + Level 2.6 Maces & Flails
 + Level 2.9 Dodging
 + Level 2.7 Shields


You had 2 spell levels left.
You didn't know any spells.
Your spell library contained the following spells:

 Spells                   Type           Power      Damage    Failure   Level
 Sting                    Tmut/Pois      0%         1d3       80%         1
 Poisonous Vapours        Pois/Air       0%         N/A       91%         2
 Olgreb's Toxic Radiance  Pois           0%         N/A       100%        4


Dungeon Overview and Level Annotations

Branches:
Dungeon (2/15)

Altars:

Annotations:
D:2 Sigmund


Innate Abilities, Weirdness & Mutations

You are too large for most types of armour.
You have claws for hands.
Your natural rate of healing is unusually fast.
You are covered in fur. (AC +1)
You have tough skin. (AC +1)


Message History

You whack Sigmund!
Sigmund is heavily wounded.
You block Sigmund's attack.
You hit Sigmund.
Sigmund is heavily wounded.
You block Sigmund's attack.
You hit Sigmund but do no damage.
Sigmund is heavily wounded.
You barely miss Sigmund.
Sigmund is heavily wounded.
Sigmund hits you with a +0 scythe.
You hit Sigmund.
Sigmund is heavily wounded.
You block Sigmund's attack.
You whack Sigmund!
Sigmund is almost dead.
Sigmund gestures wildly while chanting.
Sigmund flickers and vanishes!
Deactivating autopickup; reactivate with Ctrl-A.
You closely miss something. Something hits you! Something hits you!
* * * LOW HITPOINT WARNING * * *
You hear some strange, mumbled words.
You are confused.
You bump into the rock wall.
A magic dart appears from out of thin air!
The magic dart hits you!
* * * LOW HITPOINT WARNING * * *
You bump into the rock wall.
You hear some strange, mumbled words.
Something tries to affect you, but you resist.
You hear some strange, mumbled words.
You are more confused.
You're too confused to move!
You bump into the rock wall.
Something hits you!
* * * LOW HITPOINT WARNING * * *
You bump into the rock wall.
A puff of flame appears from out of thin air!
The puff of flame hits you.
You die...

#.## #.# #.# #.# #.# ### #.#
####.# ..# #.# #....## ###.#
#.# #..≈≈≈≈ ...# #.# ##≈≈≈≈≈≈
#.###.########..≈≈≈≈≈ ##
#...@...........≈≈≈≈≈ .
#{###.########..≈≈≈≈# #.# #.#
##.≈≈.≈≈ #{# #.# #.≈≈≈≈≈ #####
#.# #.# #####.≈≈≈≈. ..... #.#
#.# #.....≈.≈≈.
####.########.###.#
#.##...≈≈≈.
#............#.#####.###.≈≈≈..
######_#####.#.......###.≈≈.≈≈


There were no monsters in sight!

Vanquished Creatures
  A gnoll (D:1)
  2 adders (D:2)
  3 ball pythons (D:1)
  4 endoplasms
  3 giant cockroaches
  2 goblins (D:1)
  3 hobgoblins (D:1)
  8 kobolds (D:1)
  A quokka (D:1)
  2 bats (D:1)
  A frilled lizard (D:1)
  6 rats
36 creatures vanquished.

Vanquished Creatures (others)
  11 plants (D:1)
11 creatures vanquished.

Grand Total: 47 creatures vanquished

Notes
Turn   | Place    | Note
-------+----------+-------------------------------------------
     0 | D:1      | issech the Troll Fighter began the quest for the Orb.
     0 | D:1      | Reached XP level 1. HP: 22/22 MP: 0/0
   126 | D:1      | Reached XP level 2. HP: 24/29 MP: 1/1
   398 | D:1      | Reached XP level 3. HP: 35/36 MP: 2/2
   985 | D:2      | Found a faded altar of an unknown god.
  1104 | D:2      | Noticed Sigmund
  1197 | D:2      | Killed from afar by Sigmund

Illustrated notes

Levels and vault maps discovered:
D:1:      lemuel_arrival_tunnels, layout_basic, lexackson_kobold_supper
D:2:      layout_loops_ring, basic_ecumenical_altar,
          chequers_serial_rivers_large_a, kennysheep_generic_room_8,
          uniq_sigmund

Skill      XL: |  1 |
---------------+----+-----
Maces & Flails | 2 |  2.6
Fighting       | |  2.8
Dodging        | |  2.9
Shields        | |  2.7

Action                   || total
-------------------------++-------
Melee: Flail             ||    76
       Whip              ||    95
  Use: Scroll            ||     3
Armor: Robe              ||    58
Dodge: Dodged            ||    50
Block: Kite shield       ||    48

Table legend: (Time is in decaauts)
 A = Elapsed time spent in this place.
 B = Non-inter-level travel time spent in this place.
 C = Inter-level travel time spent in this place.
 D = Time resting spent in this place.
 E = Time spent auto-exploring this place.
 F = Levels seen in this place.
 G = Mean time per level.
                   A        B        C        D        E       F      G
               +--------+--------+--------+--------+--------+-----+--------+
         Total |   1243 |   1201 |     42 |      0 |    468 |   2 |  621.5 |
       Dungeon |   1243 |   1201 |     42 |      0 |    468 |   2 |  621.5 |
               +--------+--------+--------+--------+--------+-----+--------+

Top non-repeatable levels by time:
     D:1: 915 daAuts
     D:2: 327 daAuts
